 Dungeon Crawl Stone Soup version 0.30-a0-458-g86641cc369 (webtiles) character file.

Game seed: 2842658418338805046

41 jlumianski the Trooper (level 3, 0/29 HPs)
             Began as a Demonspawn Fighter on Dec 14, 2022.
             Slain by a gnoll
             ... wielding a +0 club
              (4 damage)
             ... on level 1 of the Dungeon.
             The game lasted 00:03:51 (663 turns).

jlumianski the Trooper (Demonspawn Fighter)          Turns: 663, Time: 00:03:52

Health: 0/29       AC: 18    Str: 18    XL:     3   Next: 32%
Magic:  3/3        EV:  5    Int:  9    God:
Gold:   36         SH:  8    Dex: 12    Spells: 2/2 levels left

rFire   . . .      SeeInvis .    a - +0 war axe
rCold   . . .      Faith    .    g - +0 kite shield
rNeg    . . .      Spirit   .    h - +0 chain mail
rPois   .          Reflect  .    (no helmet)
rElec   .          Harm     .    (no cloak)
rCorr   .          Rampage  .    (no gloves)
Will    .....                    (no boots)
Stlth   ..........               (no amulet)
HPRegen 0.24/turn                j - ring of wizardry
MPRegen 0.08/turn                (no ring)

@: sanguine armoured
A: sanguine armour 2
a: no special abilities


You were on level 1 of the Dungeon.
You visited 1 branch of the dungeon, and saw 2 of its levels.

You collected 36 gold pieces.

Inventory:

Hand Weapons
 a - a +0 war axe (weapon)
Armour
 b - a +0 scale mail
 c - a +0 buckler
 g - a +0 kite shield (worn)
 h - a +0 chain mail (worn)
Jewellery
 j - a ring of wizardry (left hand)
Scrolls
 f - a scroll of identify {unknown}
 k - a scroll of blinking {unknown}
Potions
 d - a potion of might
 e - a potion of heal wounds {unknown}
 i - a potion of berserk rage {unknown}
 l - a potion of curing {unknown}


   Skills:
 + Level 3.5 Fighting
 + Level 2.2 Axes
 + Level 3.2 Armour
 + Level 2.8 Shields


You had 2 spell levels left.
You didn't know any spells.
Your spell library was empty.

Dungeon Overview and Level Annotations

Branches:
Dungeon (2/15)

Altars:


Innate Abilities, Weirdness & Mutations

When seriously injured, your blood forms thick armour. (AC +9)


Message History

You feel your blood thicken.
Sorry, you're not good enough to have a special ability.
Your blood armour dries and flakes away.
HP restored.
Things that are here:
a +0 club; a gnoll corpse
Things that are here:
a +0 club; a gnoll corpse
There is a stone staircase leading down here.
Done exploring.
Done exploring.
There is a stone staircase leading down here.
You climb downwards.
The gnoll hits you with a +0 whip. The gnoll completely misses you.
The gnoll hits you with a +0 club.
Your blood congeals into armour.
The gnoll hits you but does no damage.
There is a stone staircase leading up, spattered with blood here.
The gnoll hits you with a +0 club. The gnoll hits you but does no damage.
You climb upwards.
There is a stone staircase leading down here.
You hit the gnoll but do no damage. You slash the gnoll!
You block the gnoll's attack. x2
You closely miss the gnoll. You slash the gnoll!
You kill the gnoll!
You block the gnoll's attack. The gnoll hits you with a +0 club.
You closely miss the gnoll. The gnoll hits you with a +0 club.
You barely miss the gnoll. You block the gnoll's attack.
The gnoll barely misses you.
You hit the gnoll.
The gnoll is moderately wounded.
The gnoll hits you with a +0 club.
* * * LOW HITPOINT WARNING * * *
You hit the gnoll but do no damage.
The gnoll is moderately wounded.
The gnoll hits you with a +0 club.
* * * LOW HITPOINT WARNING * * *
You block the gnoll's attack.
You closely miss the gnoll.
The gnoll is moderately wounded.
The gnoll hits you but does no damage. The gnoll hits you with a +0 club.
You die...

####### ####### #.....#
......#######.###.#
###........##.# #.#
..#........##.# #.#
#.#........##.###)#
......^....'....@)#
÷..........##.#.g.# #############
###........##.#...# #..†........#
##'........##.##.## #.#########.#
###........##.##.####'#.....# #.#
# #.##...####.##..........#.# #.#
###+####.####.##..........#.# #.#
##..........#.##..........+.# #..
'†............##..........#######


You could see a gnoll.

Vanquished Creatures
  2 gnolls (D:1)
  A dart slug (D:1)
  3 bats (D:1)
  An endoplasm (D:1)
  A giant cockroach (D:1)
  3 hobgoblins (D:1)
  3 jackals (D:1)
  A ball python (D:1)
  3 frilled lizards (D:1)
  A rat (D:1)
19 creatures vanquished.

Notes
Turn   | Place    | Note
-------+----------+-------------------------------------------
     0 | D:1      | jlumianski the Demonspawn Fighter began the quest for the
                  | Orb.
     0 | D:1      | Reached XP level 1. HP: 18/18 MP: 1/1
   151 | D:1      | Gained mutation: When seriously injured, your blood forms
                  | armour. (AC +9) [demonic ancestry]
   151 | D:1      | Reached XP level 2. HP: 16/24 MP: 2/2
   548 | D:1      | Gained mutation: When seriously injured, your blood forms
                  | thick armour. (AC +9) [demonic ancestry]
   548 | D:1      | Reached XP level 3. HP: 14/29 MP: 3/3
   663 | D:1      | Slain by a gnoll

Illustrated notes

Levels and vault maps discovered:
D:1:      onia_arrival_pentagram, layout_basic
D:2:      layout_basic, ebering_ecumenical_altar_abandoned, basic_altar,
          corexii_shack, grunt_ministairs_4, hangedman_glass_teeth,
          guppyfry_early_orc_mine, uniq_natasha

Skill      XL: |  1  2 |
---------------+-------+-----
Axes           | 2 |  2.2
Armour         | 3 |  3.2
Fighting       | |  3.5
Shields        | |  2.8

Action                   || total
-------------------------++-------
Melee: War axe           ||    52
Armor: Scale mail        ||    12
       Chain mail        ||     9
Dodge: Dodged            ||    14
Block: Buckler           ||     5
       Kite shield       ||    14

Table legend: (Time is in decaauts)
 A = Elapsed time spent in this place.
 B = Non-inter-level travel time spent in this place.
 C = Inter-level travel time spent in this place.
 D = Time resting spent in this place.
 E = Time spent auto-exploring this place.
 F = Levels seen in this place.
 G = Mean time per level.
                   A        B        C        D        E       F      G
               +--------+--------+--------+--------+--------+-----+--------+
         Total |    689 |    689 |      0 |      0 |    337 |   2 |  344.5 |
       Dungeon |    689 |    689 |      0 |      0 |    337 |   2 |  344.5 |
               +--------+--------+--------+--------+--------+-----+--------+

Top non-repeatable levels by time:
     D:1: 680 daAuts
     D:2: 9 daAuts
